Map: Tourmaline LE

Players

lorimbo

  • Race: Zerg Zerg
  • League: Grandmaster
  • Spawn Location: 1:00

I.A. 1 (Molto facile) - Winner!

  • Race: Terran Terran
  • Spawn Location: 7:00

VOD

Have the link to the VOD?

Description

Time

  • Played on: Feb. 28, 2026, 11:22 a.m.
  • Length: 7:33
Show
View Real Time Build Order
Export as new Build Order

lorimbo Zerg 

Build Orders: Hatch First 

Get SALT Encoding   

  12  0:00  Drone  
  13  0:12  Overlord  
  13  0:17  Drone  
  14  0:30  Drone x2  
  16  0:47  Hatchery  
  16  0:49  Drone  
  16  0:52  Drone  
  16  0:56  Drone  
  18  1:07  Extractor  
  17  1:11  Spawning Pool  
  17  1:14  Drone  
  17  1:18  Drone  
  18  1:28  Drone  
  19  1:38  Drone  
  20  1:50  Overlord  
  20  1:58  Queen  
  20  1:59  Queen  
  20  2:00  Zergling x4  
  26  2:10  Drone x2  
  26  2:14  Metabolic Boost  
  28  2:20  Drone  
  28  2:21  Drone  
  30  2:31  Drone  
  30  2:32  Drone  
  30  2:34  Queen  
  34  2:41  Overlord  
  34  2:47  Queen  
  36  3:00  Drone x3  
  36  3:03  Overlord  
  39  3:07  Drone x4  
  39  3:09  Drone  
  44  3:16  Lair  
  44  3:21  Drone x2  
  44  3:25  Extractor  
  44  3:26  Extractor  
  44  3:27  Overlord  
  44  3:29  Drone  
  44  3:31  Drone  
  44  3:33  Drone  
  47  3:37  Drone  
  48  3:42  Overlord  
  48  3:45  Drone x4  
  48  3:46  Drone  
  53  3:52  Drone x3  
  56  4:02  Hatchery  
  55  4:07  Zergling x4  
  57  4:12  Extractor  
  57  4:13  Overlord  
  57  4:14  Zergling x4  
  57  4:16  Zergling x2  
  59  4:21  Spire  
  59  4:22  Drone  
  59  4:27  Zergling x2  
  59  4:28  Zergling x4  
  59  4:31  Drone  
  63  4:33  Baneling Nest  
  63  4:35  Overlord  
  62  4:44  Overlord  
  62  4:45  Overlord  
  62  4:48  Zergling x6  
  65  4:54  Drone x2  
  65  4:55  Drone x2  
  65  4:57  Drone  
  70  5:04  Drone  
  71  5:08  Drone x3  
  74  5:18  Overlord  
  74  5:23  Extractor  
  74  5:24  Extractor  
  74  5:27  Mutalisk x2  
  74  5:28  Mutalisk x5  
  84  5:30  Mutalisk  
  84  5:33  Zerg Flyer Weapons Level 1  
  89  5:35  Drone  
  89  5:36  Drone  
  89  5:41  Overlord  
  89  5:42  Drone x3  
  93  5:44  Drone  
  93  5:47  Centrifugal Hooks  
  93  5:48  Drone  
  95  5:55  Drone x2, Evolution Chamber  
  95  5:56  Evolution Chamber  
  95  5:57  Drone x2  
  95  6:00  Drone x2  
  95  6:02  Drone  
  100  6:09  Drone x3  
  103  6:16  Hatchery  
  103  6:18  Hatchery  
  102  6:24  Baneling  
  102  6:25  Baneling x3  
  102  6:26  Drone  
  102  6:28  Zergling x2  
  102  6:32  Mutalisk x2  
  106  6:34  Mutalisk  
  106  6:39  Mutalisk x2  
  110  6:41  Overlord  
  114  6:49  Overlord, Mutalisk x2  
  114  6:53  Zergling x8  
  122  6:55  Baneling x4  
  122  7:00  Mutalisk  
  124  7:02  Zergling x2  
  124  7:03  Zergling x10  
  130  7:12  Zergling x2  
  130  7:13  Zergling x10  
Show
View Real Time Build Order
Export as new Build Order

I.A. 1 (Molto facile) Terran - Winner!

Build Orders:  

Get SALT Encoding   

  12  0:00  SCV  
  13  0:13  SCV  
  14  0:19  Supply Depot  
  14  0:36  Refinery  
  14  0:43  Barracks  
  14  1:03  Supply Depot  
  14  1:12  Refinery  
  14  1:28  SCV  
  14  1:31  Marine  
  16  1:40  SCV  
  17  1:52  SCV  
  18  2:05  SCV  
  18  2:07  Marine  
  20  2:17  SCV  
  21  2:29  SCV  
  22  2:41  Orbital Command  
  22  2:43  Marine  
  23  6:04  SCV  
  23  6:05  Marine, Supply Depot  
  23  6:07  Factory  
  25  6:17  SCV  
  23  6:29  SCV  
  23  6:32  Supply Depot  
  24  6:35  Barracks Tech Lab  
  24  6:40  Command Center  
  24  6:41  SCV  
  24  6:53  SCV  
  24  6:54  Starport, Marauder  
  27  7:05  SCV  
  26  7:17  SCV  
Tags
 
Matchup
TvZ
Spawn Locations
Cross Positions
Add a new tag
Caveats
  • Supply blocks, unpowered buildings, or Contaminate may cause inaccurate times.
  • Supply counts are checked every 10 seconds.